 Dungeon Crawl Stone Soup version 0.26.1-11-gd32895ea62 (webtiles) character file.

Game seed: 5969382059586952650

781 vvl the Skirmisher (level 7, -8/75 HPs)
             Began as an Ogre Berserker on June 4, 2021.
             Was a Priest of Trog.
             Mangled by an ice beast (14 damage)
             ... on level 5 of the Dungeon.
             The game lasted 00:12:45 (6671 turns).

vvl the Skirmisher (Ogre Berserker)                 Turns: 6671, Time: 00:12:45

Health: -8/75      AC:  4    Str: 24    XL:     7   Next: 85%
Magic:  8/8        EV: 11    Int:  8    God:    Trog [***...]
Gold:   175        SH:  0    Dex:  8    Spells: 6/6 levels left

rFire    . . .     SeeInvis .   s - +2 spear (freeze)
rCold    . . .     Faith    .   (no shield)
rNeg     + . .     Spirit   .   u - +0 robe (curse)
rPois    .         Reflect  .   (helmet restricted)
rElec    .         Harm     .   w - +0 cloak
rCorr    .         Rampage  .   (gloves unavailable)
Will     .....                  (boots unavailable)
Stlth    +.........             (no amulet)
HPRegen  0.22/turn              r - ring of positive energy
MPRegen  0.11/turn              (no ring)

@: no status effects
A: large, unfitting armour, tough skin 1
a: Renounce Religion, Berserk, Trog's Hand


You were on level 5 of the Dungeon.
You worshipped Trog.
Trog was most pleased with you.
You visited 2 branches of the dungeon, and saw 6 of its levels.

You collected 175 gold pieces.

Inventory:

Hand Weapons
 s - a +2 spear of freezing (weapon)
Missiles
 g - 7 silver javelins
Armour
 u - a cursed +0 robe (worn)
 w - a +0 cloak (worn)
Jewellery
 r - a ring of positive energy (left hand)
 y - an uncursed ring of positive energy
Scrolls
 a - 3 scrolls of magic mapping {unknown}
 b - a scroll of remove curse {unknown}
 c - 2 scrolls of fog {unknown}
 d - 2 scrolls of enchant armour {unknown}
 h - 6 scrolls of identify {unknown}
 j - 2 scrolls of enchant weapon {unknown}
 l - a scroll of immolation {unknown}
 o - 2 scrolls of amnesia {unknown}
 p - a scroll of blinking {unknown}
 q - a scroll of teleportation {unknown}
 t - a scroll of random uselessness {unknown}
Potions
 e - 2 potions of curing
 f - 2 potions of might {unknown}
 i - a potion of heal wounds {unknown}
 k - a potion of haste {unknown}
 m - a potion of attraction {unknown}
 n - a potion of brilliance {unknown}
 v - a potion of experience {unknown}
 x - a potion of invisibility {unknown}


   Skills:
 + Level 6.0 Fighting
 * Level 5.7 Polearms
 + Level 2.4 Armour
 + Level 4.2 Dodging
 + Level 1.4 Shields
 - Level 2.5 Invocations


You had 6 spell levels left.
You didn't know any spells.
Your spell library was empty.

Dungeon Overview and Level Annotations

Branches:
Dungeon (5/15)             Temple (1/1) D:5

Altars:
Ashenzari
Dithmenos
Fedhas
Gozag
Hepliaklqana
Kikubaaqudgha
Nemelex Xobeh
Qazlal
Ru
Sif Muna
Uskayaw
Wu Jian
Xom
Yredelemnul
The Shining One


Innate Abilities, Weirdness & Mutations

You are too large for most types of armour.
You have tough skin. (AC +1)


Message History

You are too injured to fight recklessly!
You are too injured to fight recklessly!
You are too injured to fight recklessly!
You barely miss the ice beast.
The ice beast is moderately wounded.
The ice beast hits you. The ice beast freezes you!
You barely miss the ice beast.
The ice beast is moderately wounded.
The ice beast hits you.
* * * LOW HITPOINT WARNING * * *
The ice beast freezes you!
* * * LOW HITPOINT WARNING * * *
You hit the ice beast but do no damage.
The ice beast is moderately wounded.
You closely miss the ice beast.
The ice beast is moderately wounded.
The ice beast hits you.
* * * LOW HITPOINT WARNING * * *
The ice beast freezes you!
You die...

..#.......................
#...#[......#..<........
##......................
#..#...>...#...........
##......................
#...#.......#...........
#........................
#....#.#.#.#.#...........
.......@......##........
......!Y....#####.......
#...........# ##......
#............# ##.....
#.............# ....##
##............. ..####
##............
#.........<..


You could see an ice beast.

Vanquished Creatures
  Sigmund (D:2)
  An ogre (D:4)
  A bullfrog skeleton (D:4)
  3 hounds (D:4)
  A gnoll shaman (D:4)
  An orc wizard (D:2)
  2 worker ants (D:4)
  11 gnolls
  9 adders
  An ooze (D:1)
  An adder skeleton (D:4)
  3 worms
  2 dart slugs
  4 leopard geckos
  11 orcs
  5 giant cockroaches
  7 goblins
  6 hobgoblins
  14 jackals
  4 kobolds
  A quokka (D:2)
  4 ball pythons
  13 bats
  3 frilled lizards
  7 rats
116 creatures vanquished.

Notes
Turn   | Place    | Note
-------+----------+-------------------------------------------
     0 | D:1      | vvl the Ogre Berserker began the quest for the Orb.
     0 | D:1      | Reached XP level 1. HP: 24/24 MP: 1/1
   389 | D:1      | Reached XP level 2. HP: 18/32 MP: 2/2
  1081 | D:1      | Reached XP level 3. HP: 39/39 MP: 3/3
  1288 | D:1      | Reached skill level 1 in Invocations
  1824 | D:2      | Reached ** piety under Trog
  2031 | D:2      | Reached XP level 4. HP: 42/49 MP: 4/4
  2056 | D:2      | Reached skill level 1 in Armour
  2424 | D:2      | Noticed Sigmund
  2433 | D:2      | Killed Sigmund
  2434 | D:2      | Reached skill level 5 in Fighting
  2434 | D:2      | Reached XP level 5. HP: 57/57 MP: 4/6
  2434 | D:2      | Reached XP level 6. HP: 66/66 MP: 4/7
  3089 | D:2      | Found a hide-covered altar of Uskayaw.
  4962 | D:3      | Reached skill level 5 in Polearms
  5118 | D:3      | Reached XP level 7. HP: 32/72 MP: 8/8
  5584 | D:4      | Reached *** piety under Trog
  5638 | D:4      | Reached skill level 1 in Shields
  5810 | D:4      | Reached skill level 6 in Fighting
  6483 | D:5      | Entered Level 5 of the Dungeon
  6483 | D:5      | Found a staircase to the Ecumenical Temple.
  6538 | Temple   | Entered the Ecumenical Temple
  6671 | D:5      | Mangled by an ice beast

Illustrated notes

Levels and vault maps discovered:
D:1:      lightli_arrival_flooded_house, layout_basic
D:2:      layout_basic, lemuel_coloured_pillars_altar, uniq_sigmund
D:3:      layout_rooms
D:4:      minmay_chambers_of_fours, layout_loops_cross, lightli_corner_chamber
D:5:      layout_cave_pods, minmay_temple_entry_glass
Temple:   regret_index_temple_waves

Skill      XL: |  1  2  3  4  5  6  7 |
---------------+----------------------+-----
Invocations    | 1 2 |  2.5
Dodging        | 3 4 |  4.2
Armour         | 1 2 |  2.4
Fighting       | 5 6 |  6.0
Polearms       | 4 5 |  5.7
Shields        | 1 |  1.4

Action                   |  1- 3 |  4- 6 |  7- 9 || total
-------------------------+-------+-------+-------++-------
Melee: Spear             |    54 |    70 |    88 ||   212
       Short sword       |    93 |   210 |       ||   303
Invok: Berserk           |     1 |     5 |       ||     6
       Trog's Hand       |       |     5 |       ||     5
Armor: Animal skin       |    64 |   140 |       ||   204
       Robe              |       |       |     3 ||     3
Dodge: Dodged            |   121 |   210 |    25 ||   356
